 Dungeon Crawl Stone Soup version 0.21.1-1-g345015f (webtiles) character file.

445 letownia2 the Destroyer (level 7, 38/38 HPs)
             Began as a Tengu Fire Elementalist on Mar 5, 2018.
             Quit the game on level 5 of the Dungeon.
             The game lasted 00:08:32 (1595 turns).

letownia2 the Destroyer (Tengu Fire Elementalist)   Turns: 1595, Time: 00:08:32

Health: 38/38      AC:  4    Str:  8    XL:     7   Next: 3%
Magic:  4/11       EV: 13    Int: 17    God:
Gold:   102        SH:  3    Dex: 15    Spells: 6/10 levels left

rFire    . . .     SeeInvis +   h - +0 whip
rCold    . . .     Gourm    .   (no shield)
rNeg     . . .     Faith    .   n - +0 leather armour
rPois    .         Spirit   .   (helmet restricted)
rElec    .         Reflect  +   (no cloak)
rCorr    .         Harm     .   l - +0 pair of gloves
MR       .....                  (boots unavailable)
Stlth    ++........             q - +3 amulet of reflection
HPRegen  0.12/turn              v - ring of see invisible
MPRegen  0.12/turn              (no ring)

@: no status effects
A: beak, talons 3, able to fly 1
a: Fly


You were on level 5 of the Dungeon.
You were very hungry.

You visited 1 branch of the dungeon, and saw 5 of its levels.

You collected 102 gold pieces.

Inventory:

Hand Weapons
 h - a +0 whip (weapon)
 j - a +0 dagger
 k - a cursed -1 falchion
Missiles
 e - 2 tomahawks (quivered)
 p - 6 javelins
Armour
 a - a +0 robe
 l - a +0 pair of gloves (worn)
 n - a +0 leather armour (worn)
Jewellery
 q - a +3 amulet of reflection (around neck)
 v - a ring of see invisible (left hand)
Scrolls
 d - a scroll of teleportation {unknown}
 f - 2 scrolls of identify {unknown}
 g - a scroll of fear {unknown}
 i - a scroll of enchant armour {unknown}
 m - a scroll of fog {unknown}
 o - a scroll of remove curse {unknown}
 r - a scroll of immolation {unknown}
 t - 2 scrolls of enchant weapon {unknown}
Potions
 s - 2 potions of cancellation {unknown}
 u - 2 potions of heal wounds {unknown}
Books
 b - a book of Flames

   Spells                             Type                      Level
   a - Flame Tongue                   Conjuration/Fire             1
   b - Throw Flame                    Conjuration/Fire             2
   c - Conjure Flame                  Conjuration/Fire             3
   d - Inner Flame                    Hexes/Fire                   3
   e - Sticky Flame                   Conjuration/Fire             4
   f - Fireball                       Conjuration/Fire             5
Comestibles
 c - 6 rations


   Skills:
 + Level 1.3 Fighting
 + Level 1.6 Armour
 + Level 3.0 Dodging
 - Level 2.0 Stealth
 - Level 2.0 Spellcasting
 - Level 8.3 Conjurations
 - Level 3.2 Fire Magic


You had 6 spell levels left.
You knew the following spells:

 Your Spells              Type           Power        Failure   Level  Hunger
a - Flame Tongue          Conj/Fire      ###..        2%          1    #......
c - Conjure Flame         Conj/Fire      ###.....     8%          3    ###....


Dungeon Overview and Level Annotations

Branches:
Dungeon (5/15)
 Temple: D:4-7

Altars:
Vehumet

Portals:
Ossuary: D:5

Annotations:
D:4 Pikel


Innate Abilities, Weirdness & Mutations

You have a beak for a mouth.
You have claws for feet.
You can fly.


Message History

Press: ? - help, Shift-Dir - straight line, f/p - ogre
Aim: an ogre, wielding a giant club (almost dead)
The flame tongue hits the ogre.
You kill the ogre!
Your Fighting skill increases to level 1!
Your Armour skill increases to level 1!
Your Dodging skill increases to level 3!
You have reached level 7!
No previous command to re-do.
No previous command to re-do.
There is a stone staircase leading up here.
There is an empty arch of ancient stone here.
There is a sand-covered staircase here.
Okay, then.
Put on which piece of jewellery? (? for menu, Esc to quit)
Okay, then.
Okay, then.
Are you sure you want to abandon this character and quit the game? (Confirm with "yes".)
Okay, then.
Are you sure you want to abandon this character and quit the game? (Confirm with "yes".)

### ####### ..# ##.....## #.#
#8..@..8# #######.# ##.....##
..>.....# ###.### #######.# #.#
#.########∩########### ####
#....................#
...####..................#.######
##...................÷...........
#######.####....#########.......


There were no monsters in sight!

Vanquished Creatures
  An ice beast (D:5)
  A phantom (D:4)
  An ogre (D:5)
  A quasit (D:5)
  A hound (D:4)
  2 worker ants (D:4)
  A hound skeleton (D:4)
  2 adders (D:5)
  A worm (D:3)
  A dart slug (D:1)
  A leopard gecko (D:5)
  5 orcs
  A ball python (D:1)
  A giant cockroach (D:1)
  3 goblins
  3 hobgoblins
  3 kobolds
  2 quokkas
  3 bats
  4 frilled lizards
  A jackal skeleton (D:5)
  A leopard gecko skeleton (D:5)
  2 rats
42 creatures vanquished.

Notes
Turn   | Place    | Note
-------+----------+-------------------------------------------
     0 | D:1      | letownia2 the Tengu Fire Elementalist began the quest for the Orb.
     0 | D:1      | Reached XP level 1. HP: 10/10 MP: 4/4
    54 | D:1      | Reached skill level 2 in Conjurations
   115 | D:1      | Reached XP level 2. HP: 12/15 MP: 4/6
   165 | D:1      | Reached skill level 3 in Conjurations
   311 | D:3      | Reached XP level 3. HP: 12/19 MP: 0/7
   316 | D:3      | Learned a level 3 spell: Conjure Flame
   356 | D:3      | Reached skill level 4 in Conjurations
   501 | D:4      | Reached XP level 4. HP: 15/24 MP: 3/8
   550 | D:4      | Reached skill level 5 in Conjurations
   721 | D:4      | Noticed a phantom
   733 | D:4      | Reached skill level 6 in Conjurations
   733 | D:4      | Gained mutation: You can fly. [Tengu growth]
   733 | D:4      | Reached XP level 5. HP: 15/28 MP: 5/9
   783 | D:4      | Killed a phantom
   783 | D:4      | Reached skill level 7 in Conjurations
   808 | D:4      | Noticed a slave
   808 | D:4      | Noticed a slave
   808 | D:4      | Noticed a slave
   809 | D:4      | Noticed Pikel
   809 | D:4      | Noticed a slave
   962 | D:4      | Found a radiant altar of Vehumet.
  1151 | D:5      | Entered Level 5 of the Dungeon
  1153 | D:5      | Noticed an ice beast
  1168 | D:5      | Killed an ice beast
  1168 | D:5      | Reached skill level 8 in Conjurations
  1168 | D:5      | Reached XP level 6. HP: 32/32 MP: 3/10
  1221 | D:5      | Found a sand-covered staircase.
  1583 | D:5      | Reached skill level 1 in Fighting
  1583 | D:5      | Reached skill level 1 in Armour
  1583 | D:5      | Reached XP level 7. HP: 38/38 MP: 3/11
  1595 | D:5      | Quit the game

Skill      XL: |  1  2  3  4  5  6 |
---------------+-------------------+-----
Conjurations   | 2 3 4 6 8 |  8.3
Fighting       | 1 |  1.3
Armour         | 1 |  1.6
Dodging        | 3 |  3.0
Stealth        | |  2.0
Spellcasting   | |  2.0
Fire Magic     | |  3.2

Action                   |  1- 3 |  4- 6 |  7- 9 || total
-------------------------+-------+-------+-------++-------
Melee: Unarmed           |     4 |       |       ||     4
       Peck              |     6 |     2 |       ||     8
       Whip              |    20 |     6 |       ||    26
       Kick              |     2 |     1 |       ||     3
Throw: Tomahawk          |       |     6 |       ||     6
 Cast: Flame Tongue      |    42 |    42 |     1 ||    85
       Conjure Flame     |       |     3 |       ||     3
 Stab: Sleeping          |       |     2 |       ||     2
  Eat: Chunk             |       |     3 |       ||     3
Armor: Robe              |     2 |       |       ||     2
       Leather armour    |     3 |     9 |       ||    12
Dodge: Dodged            |    31 |    34 |       ||    65
